 Dungeon Crawl Stone Soup version 0.20.1-1-g8b1a95d (webtiles) character file.

3115 McKennaii the Zephyrmancer (level 9, -6/47 HPs)
             Began as a Tengu Air Elementalist on Aug 3, 2017.
             Was a Follower of Vehumet.
             Killed from afar by a big kobold (29 damage)
             ... with a wand of acid (?/15)
             ... on level 8 of the Dungeon.
             The game lasted 00:19:49 (8615 turns).

McKennaii the Zephyrmancer (Tengu Air Elementalist) Turns: 8615, Time: 00:19:50

Health: -6/47      AC:  3    Str: 10    XL:     9   Next: 91%
Magic:  7/29       EV: 16    Int: 18    God:    Vehumet [*.....]
Gold:   196        SH:  0    Dex: 14    Spells: 14/22 levels left

rFire    . . .     SeeInvis .   O - staff of wizardry (curse)
rCold    + . .     Gourm    .   (no shield)
rNeg     . . .     Faith    .   a - +0 robe
rPois    +         Spirit   .   (helmet restricted)
rElec    .         Reflect  .   o - +0 cloak
rCorr    .         Harm     .   (no gloves)
MR       .....                  (boots unavailable)
Stlth    ++........             q - amulet of regeneration
Regen    0.6/turn               x - ring of magical power
MPRegen  0.3/turn               y - ring of Onurathro {rPois rC+ Slay+2}

@: flying quickly and evasively, starving, quick
A: beak, talons 3, able to fly 1
a: Renounce Religion


You were on level 8 of the Dungeon.
You worshipped Vehumet.
Vehumet was aware of your devotion.
You were starving.

You visited 2 branches of the dungeon, and saw 9 of its levels.

You collected 328 gold pieces.
You spent 132 gold pieces at shops.

Inventory:

Armour
 a - a +0 robe (worn)
 o - a +0 cloak (worn)
Magical Staves
 G - an uncursed staff of summoning
 O - a cursed staff of wizardry (weapon)
Jewellery
 q - an amulet of regeneration (around neck)
 x - a ring of magical power (left hand)
 y - the ring of Onurathro (right hand) {rPois rC+ Slay+2}
   (You found it on level 4 of the Dungeon)

   [ring of poison resistance]

   It affects your accuracy and damage with ranged weapons and melee attacks
   (+2).
   It protects you from cold.
   It protects you from poison.
Wands
 w - a wand of polymorph (2/24)
 C - a wand of digging (11/24)
 F - a wand of polymorph (5/24)
 P - a wand of random effects (33/48)
Scrolls
 d - 4 scrolls of amnesia {unknown}
 e - 3 scrolls of magic mapping
 i - 3 scrolls of fog
 j - a scroll of immolation {unknown}
 k - 2 scrolls of enchant armour {unknown}
 l - 2 scrolls of teleportation
 p - 2 scrolls of recharging {unknown}
 s - 6 scrolls of remove curse
 t - 3 scrolls of enchant weapon {unknown}
 v - a scroll of identify
 B - a scroll of blinking
 D - a scroll of fear {unknown}
 L - a scroll of random uselessness {unknown}
Potions
 f - 2 potions of heal wounds
 g - 3 potions of flight
 h - 2 potions of agility {unknown}
 n - 3 potions of curing
 r - a potion of magic
 u - a potion of invisibility {unknown}
 z - a potion of lignification
 E - 2 potions of haste
 H - 2 potions of degeneration {unknown}
 I - a potion of berserk rage {unknown}
 J - 3 potions of mutation
 K - a potion of might {unknown}
 N - 3 potions of ambrosia {unknown}
Books
 b - a book of Air

   Spells                             Type                      Level
   a - Shock                          Conjuration/Air              1
   b - Swiftness                      Charms/Air                   2
   c - Static Discharge               Conjuration/Air              3
   d - Airstrike                      Air                          4
   e - Lightning Bolt                 Conjuration/Air              5
 M - a book of Enchantments

   Spells                             Type                      Level
   a - Cause Fear                     Hexes                        4
   b - Yara's Violent Unravelling     Hexes/Transmutation          5
   c - Silence                        Hexes/Air                    5
   d - Deflect Missiles               Charms/Air                   6
   e - Discord                        Hexes                        8
Comestibles
 c - 4 bread rations
 m - a meat ration
 A - 3 royal jellies


   Skills:
 + Level 1.3 Fighting
 + Level 3.2 Dodging
 + Level 3.3 Stealth
 + Level 7.0 Spellcasting
 + Level 7.6 Conjurations
 * Level 12.0 Air Magic


You had 14 spell levels left.
You knew the following spells:

 Your Spells              Type           Power        Failure   Level  Hunger
a - Shock                 Conj/Air       ####         1%          1    None
b - Swiftness             Chrm/Air       ####....     1%          2    None
c - Lightning Bolt        Conj/Air       #####.....   1%          5    #####..


Dungeon Overview and Level Annotations

Branches:
Dungeon (8/15)             Temple (1/1) D:5
   Lair: D:8-11

Altars:
Ashenzari
Cheibriados
Dithmenos
Elyvilon
Fedhas
Gozag
Hepliaklqana
Kikubaaqudgha
Makhleb
Nemelex Xobeh
Okawaru
Qazlal
Ru
Sif Muna
Trog
Uskayaw
Vehumet
Xom
Yredelemnul
Zin
The Shining One

Shops:
D:6 *   D:7 !


Innate Abilities, Weirdness & Mutations

You have a beak for a mouth.
You have claws for feet.
You can fly.


Message History

Confirm with . or Enter, or press ? or * to list all spells.
Aiming: Shock
Press: ? - help, Shift-Dir - straight line, f - orc
Aim: an orc, wielding a trident and wearing a leather armour The zap hits the orc.
The orc is moderately wounded.
The orc throws a tomahawk.
The tomahawk hits you.
An orc warrior comes into view. It is wielding a long sword.
Casting: Shock
Confirm with . or Enter, or press ? or * to list all spells.
Aiming: Shock
Press: ? - help, Shift-Dir - straight line, f/p - orc
Aim: an orc, wielding a trident and wearing a leather armour (moderately wounded)
Okay, then.
A big kobold comes into view.
You swoop lightly up into the air.
You feel very comfortable in the air.
You are starving!
The big kobold zaps a wand.
The bolt of acid hits you!
Ouch! That really hurt!
You die...

#...#.# # #...#.#
#.#...#.# #.#.#.#.#.#
#.K..K..#.###
###.##.##...# ..
#.##.##...##...
#(##..#....#...
..o.).†.###@#..)....#
o.####### #.........#
##.#......#
#........# ##.##.#.#
#.##.#.#
######..#.#.#
#...........#
#..<........#


You could see a big kobold.

Vanquished Creatures
  The ghost of vlindergert the Chopper, an amateur MiFi of Nemelex Xobeh (D:4)
  Prince Ribbit (D:6)
  A wyvern (D:8)
  A hungry ghost (D:8)
  Menkaure (D:6)
  A warg (D:8)
  A water moccasin (D:7)
  An ice beast (D:6)
  An orc warrior (D:8)
  3 phantoms
  An ogre (D:5)
  Blork the orc (D:4)
  3 bullfrogs
  A big kobold (D:6)
  A scorpion (D:5)
  2 howler monkeys (D:8)
  A jelly (D:5)
  3 crimson imps
  A bullfrog zombie (D:6)
  3 orc priests
  2 hounds
  A bullfrog skeleton (D:4)
  A gnoll shaman (D:5)
  Terence (D:2)
  4 orc wizards
  An iguana (D:4)
  9 worker ants
  A hound zombie (D:4)
  8 gnolls
  12 adders
  An ooze (D:2)
  An adder skeleton (D:6)
  4 worms
  5 leopard geckos
  22 orcs
  7 bats
  8 giant cockroaches
  4 goblins
  6 hobgoblins
  19 jackals
  10 kobolds
  2 quokkas
  A ball python skeleton (D:4)
  13 frilled lizards
  A jackal zombie (D:5)
  2 leopard gecko skeletons
  A quokka skeleton (D:6)
  12 rats
188 creatures vanquished.

Notes
Turn   | Place    | Note
-------+----------+-------------------------------------------
     0 | D:1      | McKennaii the Tengu Air Elementalist began the quest for the Orb.
     0 | D:1      | Reached XP level 1. HP: 10/10 MP: 4/4
   445 | D:1      | Reached XP level 2. HP: 15/15 MP: 4/6
   748 | D:1      | Reached XP level 3. HP: 8/19 MP: 1/7
  1137 | D:1      | Learned a level 2 spell: Swiftness
  1257 | D:1      | Reached skill level 5 in Air Magic
  1524 | D:2      | Reached XP level 4. HP: 10/24 MP: 1/8
  1762 | D:2      | Noticed Terence
  1802 | D:2      | Killed Terence
  2080 | D:2      | Found a burning altar of Makhleb.
  2085 | D:2      | Gained mutation: You can fly. [Tengu growth]
  2085 | D:2      | Reached XP level 5. HP: 17/28 MP: 4/10
  2598 | D:3      | Reached skill level 6 in Air Magic
  2598 | D:3      | Reached XP level 6. HP: 14/33 MP: 2/11
  3806 | D:3      | Learned a level 5 spell: Lightning Bolt
  3995 | D:3      | Found a shattered altar of Ashenzari.
  4000 | D:3      | Found a snail-covered altar of Cheibriados.
  4005 | D:3      | Found a sacrificial altar of Ru.
  4217 | D:4      | Reached skill level 7 in Air Magic
  4285 | D:4      | Reached XP level 7. HP: 37/37 MP: 2/13
  4791 | D:4      | Got a sparkling iron ring
  4842 | D:4      | Noticed vlindergert's ghost (amateur MiFi)
  4855 | D:4      | Killed vlindergert's ghost
  4855 | D:4      | Reached skill level 8 in Air Magic
  4885 | D:4      | Noticed Blork the orc
  4895 | D:4      | Killed Blork the orc
  4895 | D:4      | Reached skill level 5 in Conjurations
  4895 | D:4      | Reached XP level 8. HP: 36/42 MP: 12/16
  5307 | D:5      | Entered Level 5 of the Dungeon
  5396 | D:5      | Reached skill level 5 in Spellcasting
  5426 | D:5      | Identified the ring of Onurathro {rPois rC+ Slay+2} (You found it on level 4 of the Dungeon)
  5584 | D:5      | Reached skill level 1 in Fighting
  5584 | D:5      | Reached skill level 9 in Air Magic
  5790 | D:5      | Found a staircase to the Ecumenical Temple.
  5809 | Temple   | Entered the Ecumenical Temple
  5844 | Temple   | Became a worshipper of Vehumet
  6054 | D:5      | Found a basalt altar of Yredelemnul.
  6373 | D:6      | Found an iron altar of Okawaru.
  6464 | D:6      | Found a white marble altar of Elyvilon.
  6528 | D:6      | Found Ymokkack's Assorted Antiques.
  6537 | D:6      | Reached skill level 10 in Air Magic
  6576 | D:6      | Bought a scroll labeled KIP MUOXZU for 20 gold pieces
  6594 | D:6      | Noticed Menkaure
  6594 | D:6      | Reached XP level 9. HP: 47/47 MP: 18/18
  6598 | D:6      | Killed Menkaure
  6749 | D:6      | Noticed Prince Ribbit
  6756 | D:6      | Killed Prince Ribbit
  7306 | D:7      | Reached skill level 11 in Air Magic
  7568 | D:7      | Found Jetzumua's Distillery.
  7571 | D:7      | Bought a potion of mutation for 112 gold pieces
  8005 | D:8      | Got a faintly glowing chain mail
  8018 | D:8      | Identified the +4 chain mail of the Blessed Realm {MR+} (You found it on level 8 of the Dungeon)
  8050 | D:8      | Found a deep blue altar of Sif Muna.
  8095 | D:8      | Reached * piety under Vehumet
  8095 | D:8      | Offered knowledge of Freeze by Vehumet.
  8605 | D:8      | Reached skill level 12 in Air Magic
  8615 | D:8      | Killed from afar by a big kobold

Skill      XL: |  1  2  3  4  5  6  7  8  9 |
---------------+----------------------------+-----
Air Magic      | 5 6 7 8 10 12 | 12.0
Conjurations   | 2 3 5 6 7 |  7.6
Spellcasting   | 3 4 5 7 |  7.0
Stealth        | 3 |  3.3
Fighting       | 1 |  1.3
Dodging        | 3 |  3.2

Action                   |  1- 3 |  4- 6 |  7- 9 || total
-------------------------+-------+-------+-------++-------
Melee: Unarmed           |    21 |     8 |       ||    29
       Kick              |     7 |     2 |       ||     9
       Peck              |     1 |     1 |       ||     2
 Cast: Shock             |    69 |   145 |   299 ||   513
       Lightning Bolt    |       |       |    20 ||    20
 Abil: Fly               |       |     1 |     1 ||     2
Evoke: Wand              |       |       |     3 ||     3
  Use: Potion            |       |     2 |     1 ||     3
       Scroll            |       |       |    11 ||    11
  Eat: Chunk             |     3 |     8 |     8 ||    19
       Meat ration       |       |       |     1 ||     1
       Bread ration      |       |       |     1 ||     1
Armor: Robe              |     2 |    18 |     5 ||    25
Dodge: Dodged            |    24 |    48 |    35 ||   107
